 Dungeon Sprint DCSS version 0.29.1-12-g30fa7ad0bf (webtiles) character file.

Game seed: 4557069550655608967

165 112233 the Cudgeller (level 5, -14/57 HPs)
             Began as a Troll Fighter on Dec 25, 2022.
             Was an Initiate of Okawaru.
             Demolished by a hornet (15 damage)
             ... while paralysed by a hornet
             ... in the Dungeon (Sprint IX: "|||||||||||||||||||||||||||||").
             The game lasted 00:01:27 (186 turns).

112233 the Cudgeller (Troll Fighter)                 Turns: 186, Time: 00:01:27

Health: -14/57     AC:  6    Str: 27    XL:     5   Next: 21%
Magic:  4/4        EV:  1    Int:  4    God:    Okawaru [......]
Gold:   0          SH:  0    Dex: 11    Spells: 4/4 levels left

rFire   . . .      SeeInvis .   m - +2 dire flail (vorpal)
rCold   . . .      Faith    .   (shield currently unavailable)
rNeg    . . .      Spirit   .   b - +0 robe
rPois   .          Reflect  .   (helmet restricted)
rElec   .          Harm     .   (no cloak)
rCorr   .          Rampage  .   (gloves unavailable)
Will    .....      NoTele   +   (boots unavailable)
Stlth   +.........              (no amulet)
HPRegen 0.99/turn               n - +2 ring of protection
MPRegen 0.09/turn               o - +3 ring of strength

@: paralysed, mighty, lethally poisoned (-14 -> -15), slowed
A: large, unfitting armour, claws 3, regeneration 1, shaggy fur 1, tough skin 1
a: Renounce Religion


You were in the Dungeon.
You worshipped Okawaru.
Okawaru was noncommittal.
You visited 1 branch

Inventory:

Hand Weapons
 a - a +0 flail
 m - a +2 vorpal dire flail (weapon)
Armour
 b - a +0 robe (worn)
 c - a +0 kite shield
Jewellery
 n - a +2 ring of protection (left claw)
 o - a +3 ring of strength (right claw)
Wands
 l - a wand of quicksilver (10)
Scrolls
 j - 2 scrolls of blinking
 k - 2 scrolls of amnesia
Potions
 e - 4 potions of curing
 f - 3 potions of heal wounds
 g - a potion of haste
 h - 4 potions of magic
 i - a potion of invisibility


   Skills:
 + Level 5.0 Fighting
 * Level 7.1 Maces & Flails
 + Level 5.0 Dodging
 - Level 2.6 Shields


You had 4 spell levels left.
You didn't know any spells.
Your spell library was empty.

Dungeon Overview and Level Annotations

Branches:
Dungeon (1/1)

Altars:
Cheibriados
Dithmenos
Elyvilon
Fedhas
Gozag
Hepliaklqana
Kikubaaqudgha
Makhleb
Nemelex Xobeh
Okawaru
Qazlal
Ru
Sif Muna
Trog
Uskayaw
Vehumet
Wu Jian
Xom
Yredelemnul
Zin
The Shining One
Jiyva
Lugonu


Innate Abilities, Weirdness & Mutations

You are too large for most types of armour.
You have claws for hands.
Your natural rate of healing is unusually fast.
You are covered in fur. (AC +1)
You have tough skin. (AC +1)


Message History

o - a +3 ring of strength (right claw) You'd need three claws to do that!
Unknown command.
You open the door.
A killer bee, 2 yaks, a shadow and a hornet come into view.
The killer bee buzzes angrily.
The yak bellows!
The hornet stings you!
You are poisoned.
You feel yourself slow down.
Unknown command.
You feel very mighty all of a sudden.
You feel very sick.
The yak bellows!
The hornet stings you but does no damage.
The hornet barely misses you.
Unknown command.
You closely miss the hornet.
You feel sick. The hornet closely misses you. The hornet stings you!
You feel as though you will be slow longer.
The shadow slips into darkness.
The shadow flickers and vanishes!
Deactivating autopickup; reactivate with Ctrl-A.
Unknown command.
You feel better. The hornet stings you.
You are poisoned.
You feel as though you will be slow longer.
The hornet misses you.
You thump the hornet!
The hornet is heavily wounded.
You feel very sick. The hornet stings you!
You feel as though you will be slow longer.
The hornet stings you.
* * * LOW HITPOINT WARNING * * *
You suddenly lose the ability to move!
The hornet stings you!
* * * LOW HITPOINT WARNING * * *
You feel as though you will be slow longer.
* * * LOW HITPOINT WARNING * * *
You feel sick. The hornet stings you!
You die...

▓.▓
▓y▓
▓.▓
▓Y▓
▓Y▓
▓{▓
▓y▓
▓@▓
▓.▓
▓[▓
▓[▓
▓[▓
▓.▓
▓)▓
▓.▓
▓.▓


You could see 2 yaks, a hornet and a killer bee.

Vanquished Creatures
  A black bear (D)
  A necrophage (D)
  An adder (D)
  2 orcs (D)
  A ball python (D)
  A hobgoblin (D)
  A quokka (D)
  A frilled lizard (D)
  A rat (D)
10 creatures vanquished.

Notes
Turn   | Place    | Note
-------+----------+-------------------------------------------
     0 | D        | 112233 the Troll Fighter began the quest for the Orb.
     0 | D        | Reached XP level 1. HP: 22/22 MP: 0/0
    14 | D        | Reached skill level 2 in Maces & Flails
    32 | D        | Noticed a necrophage
    32 | D        | Noticed a black bear
    45 | D        | Reached skill level 3 in Maces & Flails
    45 | D        | Reached XP level 2. HP: 31/31 MP: 1/1
    52 | D        | Killed a black bear
    53 | D        | Reached skill level 6 in Maces & Flails
    53 | D        | Reached XP level 3. HP: 40/40 MP: 2/2
    53 | D        | Reached XP level 4. HP: 49/49 MP: 3/3
    65 | D        | Killed a necrophage
    66 | D        | Reached skill level 5 in Fighting
    66 | D        | Reached skill level 7 in Maces & Flails
    66 | D        | Reached skill level 5 in Dodging
    66 | D        | Reached XP level 5. HP: 49/57 MP: 4/4
    83 | D        | Found a snail-covered altar of Cheibriados.
    83 | D        | Found a shadowy altar of Dithmenos.
    83 | D        | Found a white marble altar of Elyvilon.
    83 | D        | Found a blossoming altar of Fedhas.
    83 | D        | Found an opulent altar of Gozag.
    84 | D        | Found a hazy altar of Hepliaklqana.
    85 | D        | Found a viscous altar of Jiyva.
    86 | D        | Found an ancient bone altar of Kikubaaqudgha.
    87 | D        | Found a corrupted altar of Lugonu.
    88 | D        | Found a burning altar of Makhleb.
    89 | D        | Found a sparkling altar of Nemelex Xobeh.
    90 | D        | Found an iron altar of Okawaru.
    91 | D        | Found a stormy altar of Qazlal.
    92 | D        | Found a sacrificial altar of Ru.
    93 | D        | Found a shimmering blue altar of Sif Muna.
    94 | D        | Found a bloodstained altar of Trog.
    95 | D        | Found a hide-covered altar of Uskayaw.
    96 | D        | Found a radiant altar of Vehumet.
    97 | D        | Found an ornate altar of the Wu Jian Council.
    98 | D        | Found a shimmering altar of Xom.
    99 | D        | Found a basalt altar of Yredelemnul.
   100 | D        | Found a glowing silver altar of Zin.
   101 | D        | Found a glowing golden altar of the Shining One.
   144 | D        | Became a worshipper of Warmaster Okawaru
   181 | D        | Noticed a yak
   181 | D        | Noticed a yak
   181 | D        | Noticed a shadow
   181 | D        | Noticed a hornet
   185 | D        | Paralysed by a hornet for 3 turns
   185 | D        | HP: 1/57 [hornet (14)]
   186 | D        | Demolished by a hornet

Illustrated notes

Levels and vault maps discovered:
D:        linesprint [early_d, line_temple, items_1, d_10, items_2, lair_1,
          lair_end, items_3, orc_1, orc_end, items_4, d_15, swamp_1, shoals_1,
          snake_1, spider_1, d_20, vaults_1, items_5, swamp_end, shoals_end,
          snake_end, spider_end, vaults_end, d_27, items_6, zot_1, zot_end,
          crypt_end, forest_end, elf_end, slime_end, tomb_end, abyss_end,
          pan_hell_end]

Skill      XL: |  1  2  3  4 |
---------------+-------------+-----
Maces & Flails | 3 6 7 |  7.1
Fighting       | 3 4 5 |  5.0
Dodging        | 3 4 5 |  5.0
Shields        | |  2.6

Action                   |  1- 3 |  4- 6 || total
-------------------------+-------+-------++-------
Melee: Flail             |    41 |    12 ||    53
       Dire flail        |       |     2 ||     2
  Use: Potion            |     1 |     2 ||     3
Armor: Robe              |    18 |     4 ||    22
Dodge: Dodged            |    21 |     4 ||    25
Block: Kite shield       |    13 |     6 ||    19
